AoeStats
← Rayz

Arena

510517634Analyzed
4v4 RM · 16h ago on Oct 1, 2026· 55m 39s· 8 players
Game mode
Random Map
Map size
Large (8 player)
Population
200
Speed
Normal
Resources
Standard
Victory
Conquest
Starting age
Dark Age
Ending age
Imperial Age
RankedLock teamsTeams togetherTeam positionsShared explorationLock speedFull tech treeHidden civsTurbo modeCheats
Victory
Defeat
🇹🇼 Romans · Taiwan
2067
+6
🇹🇼 Khmer · Taiwan
1982
+8
🇹🇼 Khitans · Taiwan
1905
+11
🇹🇼 Saxons · Taiwan
1759
+18
🇻🇳 Ethiopians · Vietnam
1889
-14
🇹🇼 Wei · Taiwan
1875
-13
🇦🇷 Varangians · Argentina
1823
-11
🇨🇳 Mongols · China
1602
-5
牛比无极限
9:29 Feudal Age
14:12 Castle Age
13:00 Double-Bit Axe
13:27 Horse Collar
15:35 Loom
21:02 Wheelbarrow
22:32 Bow Saw
22:24 Heavy Plow
26:23 Hand Cart
29:35 Imperial Age
27:18 Gold Mining
27:22 Stone Mining
28:45 Gold Shaft Mining
28:52 Stone Shaft Mining
29:14 Hand Cart
29:52 Ballistics
29:24 Fletching
29:34 Padded Archer Armor
30:40 Conscription
30:35 Elite Mangudai
31:56 Bloodlines
31:46 Husbandry
31:54 Thumb Ring
32:49 Bodkin Arrow
33:09 Leather Archer Armor
33:59 Chemistry
33:29 Parthian Tactics
34:06 Bracer
34:01 Light Cavalry
34:52 Scale Barding Armor
34:59 Forging
35:50 Drill
35:28 Capped Ram
35:32 Hussar
36:52 Iron Casting
36:37 Chain Barding Armor
37:03 Siege Ram
37:47 Nomads
40:02 Blast Furnace
40:13 Siege Engineers
41:00 Heavy Scorpion
42:25 Onager
43:58 Coinage
LeHoang
10:06 Feudal Age
13:36 Castle Age
11:24 Double-Bit Axe
11:41 Horse Collar
14:34 Bow Saw
20:49 Wheelbarrow
21:13 Gold Mining
22:34 Loom
22:35 Town Watch
26:10 Imperial Age
26:18 Imperial Age
24:10 Stone Mining
24:21 Heavy Plow
24:13 Fletching
24:15 Crossbowman
24:56 Bodkin Arrow
26:41 Gold Shaft Mining
28:05 Chemistry
27:09 Bracer
28:46 Ballistics
27:52 Arbalester
28:34 Padded Archer Armor
31:03 Thumb Ring
31:47 Leather Archer Armor
32:13 Elite Skirmisher
33:57 Ring Archer Armor
35:26 Two-Man Saw
34:58 Torsion Engines
38:12 Coinage
37:52 Guilds
37:43 Caravan
38:01 Scale Mail Armor
38:11 Forging
38:03 Squires
39:44 Banking
41:36 Caravan
42:17 Hand Cart
42:44 Onager
42:50 Heavy Scorpion
43:35 Halberdier
45:08 Chain Mail Armor
45:29 Iron Casting
48:06 Siege Engineers
48:01 Capped Ram
49:15 Siege Ram
_Ares_大锤
9:52 Feudal Age
13:37 Castle Age
11:51 Double-Bit Axe
12:21 Horse Collar
14:31 Bow Saw
17:03 Loom
17:54 Loom
23:32 Fletching
35:30 Scale Barding Armor
37:02 Ballistics
37:54 Forging
39:13 Iron Casting
39:13 Town Watch
39:56 Bloodlines
39:46 Husbandry
40:43 Wheelbarrow
39:58 Gold Mining
43:26 Imperial Age
41:30 Chain Barding Armor
40:41 Light Cavalry
41:31 Bodkin Arrow
41:15 Vendel Legacy
42:10 Fortified Wall
42:27 Heavy Plow
42:18 Stone Mining
43:48 Wheelbarrow
43:34 Cavalier
44:50 Plate Barding Armor
44:37 Conscription
45:56 Blast Furnace
44:17 Hussar
46:20 Two-Man Saw
45:44 Bracer
47:32 Scale Mail Armor
47:55 Pikeman
48:36 Squires
48:21 Gambesons
48:22 Arson
48:53 Chain Mail Armor
48:39 Padded Archer Armor
49:20 Hand Cart
DemonSheep
10:33 Feudal Age
14:35 Castle Age
13:11 Double-Bit Axe
14:02 Gold Mining
14:04 Stone Mining
14:38 Loom
24:37 Scale Barding Armor
25:13 Bloodlines
26:10 Forging
29:00 Wheelbarrow
33:13 Chain Barding Armor
34:25 Squires
34:25 Fletching
41:26 Bow Saw
40:57 Horse Collar
41:38 Hand Cart
43:54 Imperial Age
44:31 Fortified Wall
46:34 Iron Casting
47:04 Light Cavalry
47:45 Husbandry
48:28 Hussar
53:08 Blast Furnace
55:18 Scale Mail Armor
56:14 Conscription
[LuB]夢夢
10:12 Feudal Age
13:35 Castle Age
11:44 Horse Collar
12:43 Double-Bit Axe
15:16 Bow Saw
17:48 Husbandry
21:18 Wheelbarrow
23:27 Bloodlines
23:59 Hand Cart
24:07 Loom
24:11 Town Watch
24:52 Gold Mining
26:28 Stone Mining
31:25 Imperial Age
29:02 Scale Barding Armor
30:04 Chain Barding Armor
30:23 Forging
30:52 Tusk Swords
31:07 Devotion
30:28 Light Cavalry
32:48 Plate Barding Armor
33:34 Coinage
34:09 Iron Casting
34:48 Faith
36:23 Blast Furnace
36:09 Elite Battle Elephant
38:06 Gold Shaft Mining
39:39 Conscription
39:44 Hussar
46:04 Caravan
48:54 Coinage
54:35 Fletching
The72
11:08 Feudal Age
12:52 Double-Bit Axe
15:11 Castle Age
13:12 Domestication
16:13 Husbandry
17:11 Bow Saw
22:01 Wheelbarrow
25:08 Forging
28:01 Imperial Age
25:19 Loom
26:00 Hand Cart
26:33 Iron Casting
27:03 Scale Mail Armor
27:28 Masonry
28:26 Chain Mail Armor
28:04 Capped Ram
28:10 Elite Liao Dao
30:04 Plate Mail Armor
30:09 Squires
31:59 Conscription
32:03 Siege Ram
33:06 Light Cavalry
33:53 Scale Barding Armor
36:09 Chain Barding Armor
37:24 Plate Barding Armor
49:44 Caravan
50:15 Coinage
49:38 Hussar
52:13 Banking
52:38 Pastoralism
56:10 Transhumance
aazz
10:46 Feudal Age
12:08 Double-Bit Axe
14:32 Castle Age
12:59 Horse Collar
15:32 Bow Saw
18:54 Wheelbarrow
20:43 Gold Mining
21:34 Stone Mining
24:02 Loom
28:17 Imperial Age
25:46 Town Watch
26:14 Guard Tower
26:16 Fletching
26:27 Padded Archer Armor
27:16 Bodkin Arrow
27:36 Leather Archer Armor
27:43 Ballistics
27:34 Masonry
28:54 Bloodlines
28:44 Husbandry
29:05 Thumb Ring
28:21 Cranequins
29:37 Bracer
30:30 Ring Archer Armor
31:45 Chemistry
31:18 Heavy Mounted Crossbowman
33:13 Heavy Plow
34:37 Scale Mail Armor
34:48 Forging
35:00 Conscription
35:23 Hand Cart
35:53 Gold Shaft Mining
35:55 Architecture
38:01 Chain Mail Armor
38:22 Iron Casting
37:14 Shield Wall
38:13 Squires
38:47 Caravan
38:12 Man-at-Arms
38:37 Gambesons
39:24 Plate Mail Armor
38:38 Treadmill Crane
38:48 Long Swordsman
40:25 Keep
39:20 Two-Handed Swordsman
39:47 Arson
40:21 Champion
40:44 Elite Skirmisher
42:54 Crop Rotation
43:28 Two-Man Saw
44:52 Guilds
45:12 Coinage
46:05 Coinage
49:14 Banking
50:29 Arrowslits
53:12 Murder Holes
52:54 Elite Hearth Troop
53:10 Elite Varangian Guard
55:49 Fortified Wall
Rayz
9:06 Feudal Age
8:40 Loom
10:04 Loom
12:45 Castle Age
11:22 Double-Bit Axe
13:42 Bow Saw
23:57 Horse Collar
31:19 Wheelbarrow
32:32 Heavy Plow
33:02 Hand Cart
34:19 Gold Mining
34:20 Stone Mining
39:38 Imperial Age
38:08 Gold Shaft Mining
40:29 Ballistas
39:55 Heavy Scorpion
41:36 Chemistry
41:17 Ballistics
41:08 Siege Engineers
40:27 Capped Ram
42:35 Ballistics
43:16 Chemistry
41:39 Siege Ram
43:28 Conscription
44:01 Masonry
46:01 Coinage
45:42 Guilds
45:33 Caravan
49:16 Banking
49:44 Fortified Wall
50:05 Architecture
Connection lost

Rejoining the realm…

Still unreachable

The connection could not be restored.

Session expired

The server has moved on; the page needs a fresh start.